 Dungeon Crawl Stone Soup version 0.32-a0-913-g739538afd8 (webtiles) character file.

Game seed: 9140875491049185685

190 sleeves the Cudgeller (level 5, -1/63 HPs)
             Began as an Armataur Berserker on Apr 8, 2024.
             Was a Believer of Trog.
             Slain by an ice beast (14 damage)
             ... on level 3 of the Dungeon.
             The game lasted 00:02:56 (2069 turns).

sleeves the Cudgeller (Armataur Berserker)          Turns: 2069, Time: 00:02:56

Health: -1/63      AC:  7    Str: 23    XL:     5   Next: 41%
Magic:  5/5        EV:  8    Int:  7    God:    Trog [**....]
Gold:   99         SH:  0    Dex: 11    Spells: 4/4 levels left

rFire   . . .        a - +0 mace
rCold   . . .        (no shield)
rNeg    . . .        h - +0 ring mail
rPois   .            (no helmet)
rElec   .            (no cloak)
rCorr   .            f - +0 pair of gloves
SInv    .            (no barding)
Will    .....        (no amulet) Stlth
                     (no ring)
HPRegen 0.30/turn    (no ring)
MPRegen 0.09/turn

%: roll
@: berserking, very quick
A: large, deformed body, tough skin 3, armoured tail, rollpage 1
a: Renounce Religion, Berserk, Trog's Hand


You were on level 3 of the Dungeon.
You worshipped Trog.
Trog was pleased with you.
You visited 1 branch of the dungeon, and saw 3 of its levels.

You collected 99 gold pieces.

Inventory:

Hand Weapons
 a - a +0 mace (weapon)
Armour
 f - a +0 pair of gloves (worn)
   (You found it on level 2 of the Dungeon)
 h - a +0 ring mail (worn)
   (You found it on level 2 of the Dungeon)
Scrolls
 b - a scroll of immolation {unknown}
 c - a scroll of silence {unknown}
 e - a scroll of teleportation {unknown}
 j - a scroll of revelation {unknown}
 k - a scroll of amnesia {unknown}
 l - a scroll of identify {unknown}
 m - a scroll of noise {unknown}
Potions
 d - 4 potions of enlightenment {unknown}
 g - a potion of lignification {unknown}
 i - a potion of might {unknown}
 n - a potion of curing {unknown}


   Skills:
 - Level 2.6 Fighting
 + Level 5.6 Maces & Flails
 - Level 2.4 Armour
 - Level 1.3 Dodging


You had 4 spell levels left.
You didn't know any spells.
Your spell library was empty.

Dungeon Overview and Level Annotations

Branches:
Dungeon (3/15)

Altars:


Innate Abilities, Weirdness & Mutations

Armour fits poorly on your strangely shaped body.
You have extremely tough skin. (AC +3)
You have a long armoured tail.
You regenerate magic when rolling toward enemies. (Rampage MPRegen)


Message History

You drop a +0 animal skin.
b - a scroll labelled WAOGIL NAYCI You now have 26 gold pieces (gained 7).
As you open the door, it creaks loudly!
There is an open door here.
A hobgoblin comes into view.
Found 5 gold pieces.
The hobgoblin moves out of view.
Found 10 gold pieces.
The hobgoblin hits you.
You hit the hobgoblin but do no damage.
The hobgoblin hits you but does no damage.
You closely miss the hobgoblin. You tail-slap the hobgoblin.
The hobgoblin is severely wounded.
The hobgoblin hits you.
You closely miss the hobgoblin. You tail-slap the hobgoblin.
You kill the hobgoblin!
Trog accepts your kill.
No target in view!
Found a faded altar of an unknown god.
You now have 36 gold pieces (gained 10).
You see here a stone.
You now have 41 gold pieces (gained 5).
You open the door.
A dart slug comes into view.
There is an open door here.
A dart slug is nearby!
You hit the dart slug.
The dart slug is lightly wounded.
The dart slug bites you.
You hit the dart slug. You tail-slap the dart slug.
The dart slug is heavily wounded.
You hit the dart slug.
You kill the dart slug!
Trog accepts your kill.
No target in view!
No target in view!
There is an open door here.
There is an empty arch of ancient stone here.
There is an empty arch of ancient stone here.
There is a faded altar of an unknown god here.
There is an open door here.
You open the large door.
There is a large open door here.
There is a large open door here.
There is an open door here.
You open the door.
There is an open door here.
A rat comes into view.
The rat squeaks loudly.
A ball python comes into view.
There are monsters nearby!
There are monsters nearby!
A hobgoblin comes into view.
You roll towards the rat!
You hit the rat.
The rat is heavily wounded.
The rat closely misses you.
You hit the rat.
You kill the rat!
Trog accepts your kill.
You closely miss the hobgoblin.
The hobgoblin hits you but does no damage.
You hit the hobgoblin.
You kill the hobgoblin!
Trog accepts your kill.
The ball python bites you but does no damage.
You sock the ball python!
You kill the ball python!
Trog accepts your kill.
No target in view!
No target in view!
No target in view!
No target in view!
No target in view!
No target in view!
No target in view!
No target in view!
No target in view!
No target in view!
No target in view!
No target in view!
No target in view!
No target in view!
No target in view!
Things that are here:
a ball python corpse; a hobgoblin corpse You now have 57 gold pieces (gained 16).
d - 2 lumpy puce potions (gained 1)
You enter the shallow water.
You enter the shallow water.
Things that are here:
a ball python corpse; a hobgoblin corpse
There is a stone staircase leading down here.
A kobold comes into view. It is wielding a +0 dagger.
The kobold shouts!
A kobold is nearby!
A kobold is nearby!
You hit the kobold but do no damage. The kobold closely misses you.
You hit the kobold.
You kill the kobold!
Trog accepts your kill.
No target in view!
No target in view!
No target in view!
No target in view!
No target in view!
No target in view!
No target in view!
No target in view!
Things that are here:
a +0 dagger; a kobold corpse An endoplasm comes into view.
The endoplasm quivers.
An endoplasm is nearby!
An endoplasm is nearby!
The endoplasm hits you but does no damage.
You sock the endoplasm!
You kill the endoplasm!
Trog accepts your kill.
No target in view!
No target in view!
No target in view!
No target in view!
No target in view!
No target in view!
No target in view!
No target in view!
Things that are here:
a +0 dagger; a kobold corpse
There is a stone staircase leading down here.
Things that are here:
a ball python corpse; a hobgoblin corpse You enter the shallow water.
You enter the shallow water.
Things that are here:
a ball python skeleton; a hobgoblin skeleton
There is an open door here.
There is a large open door here.
There is a large open door here.
There is an open door here.
You enter the shallow water.
Partly explored, can't reach some places.
Partly explored, can't reach some places.
You see here a stone.
There is a faded altar of an unknown god here.
There is an open door here.
There is an open door here.
There is a stone staircase leading down here.
You climb downwards.
There is a stone staircase leading up here. 3 gnolls come into view.
The gnoll shouts! x2; You hear a shout!
You hear an angry hiss.
A gnoll comes into view. It is wielding a +0 whip.
There are monsters nearby!
There are monsters nearby!
There is a stone staircase leading up here.
You climb upwards.
There is a stone staircase leading down here.
There is an open door here.
There is a stone staircase leading down here.
You climb downwards.
Found 7 gold pieces.
There is a stone staircase leading up here.
You roll towards the goblin!
The goblin hits you but does no damage.
You see here 7 gold pieces.
You hit the goblin.
You kill the goblin!
Trog accepts your kill.
No target in view!
No target in view!
No target in view!
No target in view!
No target in view!
You now have 64 gold pieces (gained 7).
You see here a +0 dagger.
f - a +0 pair of gloves An endoplasm comes into view.
The endoplasm quivers.
An endoplasm is nearby!
You roll towards the endoplasm!
You roll towards the endoplasm!
You hit the endoplasm.
You kill the endoplasm!
Trog accepts your kill.
No target in view!
No target in view!
No target in view!
No target in view!
No target in view!
No target in view!
Found 7 stones.
A rat comes into view.
The rat squeaks loudly.
A rat is nearby!
A ball python comes into view.
The ball python hisses angrily.
You roll towards the rat!
You closely miss the rat. The rat bites you.
You hit the rat.
You kill the rat!
Trog accepts your kill.
You roll towards the ball python!
You sock the ball python!
You kill the ball python!
Trog accepts your kill.
No target in view!
No target in view!
No target in view!
HP restored.
Found a stone staircase leading down.
You now have 73 gold pieces (gained 9).
You now have 84 gold pieces (gained 11).
Found a spear.
d - 4 lumpy puce potions (gained 2)
You see here a +0 spear.
g - a fuming puce potion A dart slug comes into view.
The dart slug moves out of view.
A dart slug is nearby!
You roll towards the dart slug!
You hit the dart slug but do no damage. You tail-slap the dart slug!
You kill the dart slug!
Trog accepts your kill.
No target in view!
A dart slug comes into view.
A dart slug is nearby!
A hobgoblin comes into view.
The hobgoblin shouts!
You roll towards the hobgoblin!
You closely miss the hobgoblin.
The hobgoblin hits you but does no damage.
You barely miss the hobgoblin. The hobgoblin barely misses you.
You barely miss the hobgoblin.
You tail-slap the hobgoblin, but do no damage.
The hobgoblin hits you.
You hit the hobgoblin but do no damage.
Your tail-slap misses the hobgoblin.
The hobgoblin hits you but does no damage.
The hobgoblin barely misses you.
You barely miss the hobgoblin. The hobgoblin closely misses you.
You hit the hobgoblin.
You kill the hobgoblin!
Trog accepts your kill.
You can now call upon Trog for regeneration and willpower.
You have reached level 3!
Your experience leads to an increase in your attributes!
Increase (S)trength, (I)ntelligence, or (D)exterity?
You feel agile. x2
You hit the dart slug.
The dart slug is heavily wounded.
The dart slug launches a dart at you.
The slug dart hits you but does no damage.
You barely miss the dart slug.
The dart slug is heavily wounded.
The dart slug launches a dart at you. The slug dart hits you.
You hit the dart slug.
The dart slug is severely wounded.
The dart slug bites you but does no damage.
You hit the dart slug. You tail-slap the dart slug.
The dart slug is almost dead.
You hit the dart slug.
You kill the dart slug!
Trog accepts your kill.
No target in view!
No target in view!
No target in view!
You see here a hobgoblin corpse.
A dart slug comes into view.
A dart slug is nearby!
A dart slug is nearby!
You roll towards the dart slug!
You roll towards the dart slug!
You barely miss the dart slug. The dart slug bites you.
You hit the dart slug. You tail-slap the dart slug!
You kill the dart slug!
Trog accepts your kill.
No target in view!
No target in view!
No target in view!
No target in view!
No target in view!
No target in view!
No target in view!
Found a quarterstaff.
Found a ring mail.
You see here a +0 quarterstaff.
No target in view!
You see here a +0 ring mail.
h - a +0 ring mail You start removing your armour.
You continue removing your +0 leather armour. x4
You finish removing your +0 leather armour.
You start putting on your armour.
You continue putting on your +0 ring mail. x5
You finish putting on your +0 ring mail.
You drop a +0 leather armour.
You start putting on your armour.
You continue putting on your +0 pair of gloves. x4
You finish putting on your +0 pair of gloves.
A ball python comes into view.
A ball python is nearby!
A ball python is nearby!
You closely miss the ball python. You tail-slap the ball python.
You kill the ball python!
Trog accepts your kill.
No target in view!
No target in view!
No target in view!
No target in view!
No target in view!
No target in view!
The gnoll shouts!
You hear a shout! x2
A gnoll is nearby!
A gnoll is nearby!
A gnoll is nearby!
You roll towards the gnoll!
The gnoll hits you from afar with a +0 spear.
You roll towards the gnoll!
You barely miss the gnoll. The gnoll closely misses you.
You closely miss the gnoll. The gnoll closely misses you.
You barely miss the gnoll. You tail-slap the gnoll.
The gnoll is lightly wounded.
The gnoll closely misses you.
You barely miss the gnoll.
The gnoll is lightly wounded.
The gnoll hits you but does no damage. The gnoll hits you with a +0 spear.
You barely miss the gnoll.
The gnoll is lightly wounded.
The gnoll hits you but does no damage.
You barely miss the gnoll.
The gnoll is lightly wounded.
The gnoll hits you but does no damage.
You hit the gnoll but do no damage. You tail-slap the gnoll!
The gnoll is severely wounded.
The gnoll hits you with a +0 spear.
You hit the gnoll. You tail-slap the gnoll.
The gnoll is almost dead.
The gnoll hits you with a +0 spear.
You thump the gnoll!
You kill the gnoll!
Trog accepts your kill.
Your Maces & Flails skill increases to level 4!
You barely miss the gnoll. The gnoll barely misses you.
You barely miss the gnoll. The gnoll completely misses you.
You barely miss the gnoll. The gnoll hits you with a +0 whip!
* * * LOW HITPOINT WARNING * * *
The gnoll hits you with a +0 whip.
* * * LOW HITPOINT WARNING * * *
You are too injured to fight recklessly!
You are too injured to fight recklessly!
You are too injured to fight recklessly!
You are too injured to fight recklessly!
You are too injured to fight recklessly!
You are too injured to fight recklessly!
You are too injured to fight recklessly!
You are too injured to fight recklessly!
You are too injured to fight recklessly!
You are too injured to fight recklessly!
You are too injured to fight recklessly!
You are too injured to fight recklessly!
You are too injured to fight recklessly!
You are too injured to fight recklessly!
You are too injured to fight recklessly!
You are too injured to fight recklessly!
A red film seems to cover your vision as you go berserk!
You feel yourself moving faster!
You feel mighty! The gnoll barely misses you.
You thump the gnoll!
The gnoll is almost dead.
You closely miss the gnoll. You tail-slap the gnoll.
You kill the gnoll!
Trog accepts your kill.
You bludgeon the gnoll!!
You kill the gnoll!
Trog accepts your kill.
Items here: ))) †.
You feel a strong urge to attack something.
You start resting.
You feel your anger nearly subside.
You start resting.
You are no longer berserk.
You are exhausted.
You feel yourself slow down.
You start resting.
A rat comes into view.
You are too injured to fight recklessly!
You are too injured to fight recklessly!
You are too injured to fight recklessly!
You are too injured to fight recklessly!
You are too injured to fight recklessly!
You are too injured to fight recklessly!
You are too injured to fight recklessly!
You are too injured to fight recklessly!
You are too injured to fight recklessly!
You are too injured to fight recklessly!
The rat squeaks loudly.
You roll towards the rat!
You barely miss the rat.
Your tail-slap misses the rat.
The rat bites you. The rat bites you but does no damage.
You closely miss the rat. The rat barely misses you.
You hit the rat.
You kill the rat!
Trog accepts your kill.
You roll towards the gnoll!
You sock the gnoll! You tail-slap the gnoll.
The gnoll is almost dead.
The gnoll hits you but does no damage. The gnoll hits you with a +0 club.
You hit the gnoll.
You kill the gnoll!
Trog accepts your kill.
You have reached level 4!
You feel stronger.
You feel yourself speed up.
You recover from your berserk rage.
HP restored.
Things that are here:
a +0 club; a gnoll corpse
Items here: ))) †.
A ribbon worm comes into view.
A ribbon worm is nearby!
A ribbon worm is nearby!
You roll towards the ribbon worm!
You barely miss the ribbon worm. The ribbon worm completely misses you.
You hit the ribbon worm but do no damage.
The ribbon worm bites you.
You hit the ribbon worm.
The ribbon worm is moderately wounded.
The ribbon worm expels a string of sticky webbing.
The stream of webbing hits you but does no damage.
You are caught in a web!
You are caught in a web!
You are caught in a web!
You are caught in a web!
You are caught in a web!
You are caught in a web!
You are caught in a web!
You are caught in a web!
You are caught in a web!
A ribbon worm is nearby!
The web tears apart.
You hit the ribbon worm.
The ribbon worm is moderately wounded.
The ribbon worm bites you!
You hit the ribbon worm but do no damage.
The ribbon worm is moderately wounded.
The ribbon worm bites you but does no damage.
You sock the ribbon worm!
The ribbon worm is heavily wounded.
The ribbon worm bites you.
You hit the ribbon worm but do no damage.
The ribbon worm is heavily wounded.
The ribbon worm bites you but does no damage.
You barely miss the ribbon worm.
The ribbon worm is heavily wounded.
The ribbon worm bites you.
You hit the ribbon worm.
The ribbon worm is severely wounded.
The ribbon worm barely misses you.
You hit the ribbon worm but do no damage.
The ribbon worm is heavily wounded.
The ribbon worm bites you but does no damage.
You sock the ribbon worm!
The ribbon worm is almost dead.
The ribbon worm expels a string of sticky webbing.
The stream of webbing hits you but does no damage.
You are caught in a web!
The web tears apart.
The ribbon worm bites you.
You hit the ribbon worm.
The ribbon worm is almost dead.
The ribbon worm closely misses you.
You hit the ribbon worm.
You kill the ribbon worm!
Trog accepts your kill.
e - a scroll labelled KOSMIGG VIYC A bat comes into view.
The bat hits you but does no damage.
A bat is nearby!
A bat is nearby!
You hit the bat.
You tail-slap the bat, but do no damage.
The bat is moderately wounded.
The bat hits you but does no damage.
No target in view!
No target in view!
The bat hits you but does no damage.
A bat is nearby!
You roll towards the bat!
You sock the bat!
You kill the bat!
Trog accepts your kill.
No target in view!
No target in view!
No target in view!
No target in view!
No target in view!
No target in view!
You see here a bat corpse.
A bat comes into view.
A bat is nearby!
A bat is nearby!
You roll towards the bat!
The bat hits you but does no damage. The bat barely misses you.
You hit the bat but do no damage. The bat hits you but does no damage.
The bat hits you.
You closely miss the bat. The bat misses you.
You roll towards the bat!
The bat hits you but does no damage.
You miss the bat. The bat closely misses you. The bat completely misses you.
You hit the bat.
You kill the bat!
Trog accepts your kill.
An endoplasm comes into view.
The endoplasm quivers.
You see here a bat corpse.
You roll towards the endoplasm!
An endoplasm is nearby!
An endoplasm is nearby!
You hit the endoplasm.
You tail-slap the endoplasm, but do no damage.
The endoplasm is almost dead.
A ball python comes into view.
The endoplasm barely misses you.
The ball python hisses angrily.
You hit the endoplasm but do no damage.
The endoplasm is almost dead.
The endoplasm closely misses you. x2
You completely miss the endoplasm. You tail-slap the endoplasm.
You kill the endoplasm!
Trog accepts your kill.
You hit the ball python.
You kill the ball python!
Trog accepts your kill.
No target in view!
No target in view!
No target in view!
Found 6 stones.
You open the door. 2 orcs and an orc priest come into view.
The orc shouts! x2
Found a viscous inky potion.
Found a stone staircase leading down.
There are monsters nearby!
You roll towards the orc!
The orc barely misses you.
You sock the orc! You tail-slap the orc.
You kill the orc!
Trog accepts your kill.
You barely miss the orc. The orc hits you with a +0 dagger.
You sock the orc!
You kill the orc!
Trog accepts your kill.
The orc priest hits you but does no damage.
You sock the orc priest!
The orc priest is heavily wounded.
The orc priest calls down the wrath of Beogh upon you.
You barely resist. You sock the orc priest!
You kill the orc priest!
Trog accepts your kill.
Your Maces & Flails skill increases to level 5!
No target in view!
No target in view!
There is an open door, spattered with blood here.
Items here: ))) [[ †.
i - a viscous inky potion
j - a scroll labelled AMOK YFI YCIPA An adder comes into view.
The adder hisses angrily.
The adder barely misses you.
You sock the adder!
The adder is almost dead.
The adder bites you but does no damage.
You hit the adder.
You kill the adder!
Trog accepts your kill.
No target in view!
No target in view!
No target in view!
No target in view!
No target in view!
No target in view!
No target in view!
You see here an adder corpse.
You see here an adder corpse.
There is an open door here.
A kobold comes into view. It is wielding a +0 short sword.
The kobold shouts!
A kobold is nearby!
A kobold is nearby!
The kobold hits you but does no damage.
You see here a scroll labelled MAN NECUOGYMUM.
You sock the kobold!
You kill the kobold!
Trog accepts your kill.
No target in view!
No target in view!
No target in view!
No target in view!
No target in view!
No target in view!
k - a scroll labelled MAN NECUOGYMUM
Found a stone staircase leading up.
Found a stone staircase leading down.
No target in view!
You open the door.
A ball python comes into view.
The ball python hisses angrily.
A ball python is nearby!
A ball python is nearby!
You roll towards the ball python!
The ball python bites you.
You hit the ball python.
Your tail-slap misses the ball python.
The ball python is moderately wounded.
The ball python closely misses you.
You closely miss the ball python.
The ball python is moderately wounded.
The ball python bites you. x2
You closely miss the ball python.
The ball python is moderately wounded.
The ball python bites you but does no damage.
You barely miss the ball python.
The ball python is moderately wounded.
The ball python barely misses you.
You barely miss the ball python.
The ball python is moderately wounded.
The ball python bites you but does no damage. x2
A ball python is nearby!
A ball python is nearby!
A ball python is nearby!
You thump the ball python!
You kill the ball python!
Trog accepts your kill.
No target in view!
No target in view!
No target in view!
No target in view!
No target in view!
No target in view!
No target in view!
A kobold comes into view. It is wielding a +0 dagger.
The kobold shouts!
A kobold is nearby!
A kobold is nearby!
You hit the kobold.
The kobold is heavily wounded.
The kobold barely misses you.
You hit the kobold.
You kill the kobold!
Trog accepts your kill.
No target in view!
No target in view!
No target in view!
No target in view!
No target in view!
No target in view!
You open the door.
There is an open door here.
A dart slug comes into view.
The dart slug briefly extends its eye-stalks.
A dart slug is nearby!
A dart slug is nearby!
You roll towards the dart slug!
An adder comes into view.
The adder hisses angrily.
You hear a shout!
You roll towards the dart slug!
A hobgoblin comes into view.
The hobgoblin shouts!
You hit the dart slug.
The dart slug is moderately wounded.
The dart slug bites you but does no damage.
You hit the dart slug but do no damage.
The dart slug is moderately wounded.
The dart slug launches a dart at you. The slug dart misses you.
You hit the dart slug but do no damage.
The dart slug is moderately wounded.
The dart slug launches a dart at you. The slug dart hits you.
You thump the dart slug!
The dart slug is almost dead.
The dart slug launches a dart at you. The slug dart hits you.
You sock the dart slug!
You kill the dart slug!
Trog accepts your kill. The adder bites you but does no damage.
You hit the adder but do no damage. The adder bites you but does no damage.
You miss the adder.
The adder bites you but does no damage. x2
You barely miss the adder. The adder bites you but does no damage.
You miss the adder. The adder bites you.
You are poisoned.
The adder poisons you! The adder barely misses you.
You closely miss the adder.
Your tail-slap misses the adder.
You feel sick. The adder closely misses you.
There are monsters nearby!
You sock the adder!
The adder is heavily wounded.
You feel sick. The adder bites you but does no damage. The adder bites you.
You miss the adder.
The adder is heavily wounded.
You feel sick. The adder bites you but does no damage.
You closely miss the adder.
The adder is heavily wounded.
You feel sick.
You are no longer poisoned.
The adder barely misses you. The adder closely misses you.
You hit the adder.
The adder is almost dead.
The adder barely misses you. x2
You miss the adder.
The adder is almost dead.
The adder bites you but does no damage.
You barely miss the adder.
The adder is almost dead.
The adder bites you but does no damage. The adder bites you.
You sock the adder!
You kill the adder!
Trog accepts your kill.
You have reached level 5!
You hit the hobgoblin. You tail-slap the hobgoblin.
You kill the hobgoblin!
Trog accepts your kill.
No target in view!
No target in view!
No target in view!
No target in view!
No target in view!
No target in view!
No target in view!
No target in view!
No target in view!
Things that are here:
an adder corpse; a dart slug corpse
Found 7 stones.
A kobold comes into view. It is wielding a +0 dagger.
The kobold shouts!
A kobold is nearby!
You roll towards the kobold!
The kobold throws a stone.
The stone hits you but does no damage.
You roll towards the kobold!
You thump the kobold!
You kill the kobold!
Trog accepts your kill.
No target in view!
No target in view!
No target in view!
No target in view!
No target in view!
No target in view!
No target in view!
Things that are here:
a +0 dagger; 5 stones
l - a scroll labelled TEWIXA FOLEBOA You open the door.
There is an open door here.
m - a scroll labelled DEMICLE PASUO
There is an open door here.
You open the door. You open the door.
There is an open door here.
Found 7 stones.
No target in view!
No target in view!
No target in view!
No target in view!
There is an open door here.
You open the door.
There is an open door here.
n - a black potion
There is an open door here.
There is an open door here.
There is an open door here.
There is an open door here.
There is a stone staircase leading up here.
You see here a +0 dagger.
Done exploring.
Done exploring.
Done exploring.
You open the door.
There is an open door here.
There is a stone staircase leading down here.
You climb downwards.
There is a stone staircase leading up here.
A ball python comes into view.
The ball python hisses angrily.
A ball python is nearby!
A ball python is nearby!
You roll towards the ball python!
The ball python bites you.
You sock the ball python!
You kill the ball python!
Trog accepts your kill.
No target in view!
No target in view!
No target in view!
No target in view!
No target in view!
HP restored.
You now have 93 gold pieces (gained 9).
You see here a staff of death.
You open the door.
There is an open door here.
As you open the door, it creaks loudly!
Found 6 stones.
Found 11 stones.
There is an open door here.
You open the large door.
A hobgoblin comes into view.
The hobgoblin shouts!
Found a robe.
A hobgoblin is nearby!
A hobgoblin is nearby!
A goblin comes into view. It is wielding a +0 dagger.
The goblin shouts!
There is a large open door here.
You roll towards the hobgoblin!
You barely miss the hobgoblin. The hobgoblin hits you.
You thump the hobgoblin!
You kill the hobgoblin!
Trog accepts your kill.
You closely miss the goblin. The goblin hits you but does no damage.
You hit the goblin.
The goblin is heavily wounded.
The goblin hits you but does no damage.
You thump the goblin!
You kill the goblin!
Trog accepts your kill.
No target in view!
No target in view!
No target in view!
No target in view!
No target in view!
No target in view!
No target in view!
No target in view!
No target in view!
No target in view!
Found a stone staircase leading down.
There is a large open door here.
Things that are here:
a +0 dagger; a hobgoblin corpse
There is a stone staircase leading down here.
There is a stone staircase leading down here.
You open the door.
There is an open door here.
A goblin comes into view. It is wielding a +0 sling.
The goblin shouts!
A goblin comes into view. It is wielding a +0 sling.
There are monsters nearby!
As you open the door, it creaks loudly!
A hound comes into view.
The hound barks!
You hear a bark! x2
The goblin shoots a sling bullet.
The sling bullet hits you but does no damage.
The hound bites you.
You hit the hound.
The hound is lightly wounded.
The goblin shoots a sling bullet.
The sling bullet hits you but does no damage.
The goblin shoots a sling bullet.
The sling bullet hits you but does no damage.
The hound barely misses you.
The goblin shoots a sling bullet.
The sling bullet hits you but does no damage.
The goblin shoots a sling bullet.
The sling bullet hits you but does no damage.
You hear a bark!
The hound attacks as it pursues you! The hound bites you. x2
You hit the hound.
The hound is lightly wounded.
The hound barely misses you. The hound bites you but does no damage.
You hit the hound.
You tail-slap the hound, but do no damage.
The hound is moderately wounded.
The hound bites you. The hound closely misses you.
You are too injured to fight recklessly!
You are too injured to fight recklessly!
You are too injured to fight recklessly!
You are too injured to fight recklessly!
You are too injured to fight recklessly!
You are too injured to fight recklessly!
You are too injured to fight recklessly!
You are too injured to fight recklessly!
You are too injured to fight recklessly!
You are too injured to fight recklessly!
You are too injured to fight recklessly!
You are too injured to fight recklessly!
You are too injured to fight recklessly!
You are too injured to fight recklessly!
You are too injured to fight recklessly!
You sock the hound!
The hound is severely wounded.
The hound closely misses you.
You closely miss the hound.
The hound is severely wounded.
The hound closely misses you. The hound barely misses you.
You sock the hound!
You kill the hound!
Trog accepts your kill.
You start resting.
The jackal barks!
HP restored.
You see here a hound corpse.
The jackal stops to sniff the ground.
The goblin shoots a sling bullet.
The sling bullet closely misses you.
The goblin shoots a sling bullet.
The sling bullet hits you.
The goblin shoots a sling bullet.
The sling bullet hits you.
The goblin shoots a sling bullet.
The sling bullet closely misses you.
There is an open door here.
As you close the door, it creaks loudly!
You open the door.
Found 6 gold pieces.
There is an open door here.
You now have 99 gold pieces (gained 6).
As you open the door, it creaks loudly!
There is an open door here.
You open the door.
A giant cockroach, 3 orcs and a rat come into view.
The orc shouts! x3; The rat squeaks loudly.
You hear an angry hiss.
A goblin comes into view. It is wielding a +0 club.
The giant cockroach moves out of view.
An orc comes into view. It is wielding a +0 mace.
A jackal comes into view.
There is an open door here.
You roll towards the orc!
The orc shouts!
The goblin shouts!
You hit the orc.
The orc is moderately wounded.
A jackal comes into view.
The orc barely misses you.
You hit the orc but do no damage.
The orc is moderately wounded.
The orc barely misses you.
You hit the orc.
The orc is severely wounded.
The orc closely misses you.
You barely miss the orc.
The orc is severely wounded.
The orc barely misses you.
A ribbon worm comes into view.
The orc hits you but does no damage.
The rat twitches its whiskers.
You hit the orc but do no damage.
The orc is severely wounded.
A ball python comes into view.
The orc hits you but does no damage.
You hit the orc.
You kill the orc!
Trog accepts your kill.
An ice beast comes into view.
You barely miss the orc.
Your tail-slap misses the orc.
The orc hits you but does no damage.
You hit the orc.
The orc is heavily wounded.
The orc hits you but does no damage.
You hit the orc.
You kill the orc!
Trog accepts your kill.
You sock the orc!
You kill the orc!
Trog accepts your kill.
You barely miss the giant cockroach. You tail-slap the giant cockroach.
You kill the giant cockroach!
Trog accepts your kill.
You hit the orc.
The orc is heavily wounded.
The orc hits you with a +0 mace. x2
You hit the orc.
The orc is severely wounded.
The orc closely misses you.
You thump the orc!
You kill the orc!
Trog accepts your kill.
You closely miss the ball python. The ball python bites you.
You completely miss the ice beast. You closely miss the ice beast.
The ice beast hits you. The ice beast freezes you!
You are too injured to fight recklessly!
You are too injured to fight recklessly!
You are too injured to fight recklessly!
You are too injured to fight recklessly!
You are too injured to fight recklessly!
You are too injured to fight recklessly!
You are too injured to fight recklessly!
You are too injured to fight recklessly!
You are too injured to fight recklessly!
You are too injured to fight recklessly!
A red film seems to cover your vision as you go berserk!
You feel yourself moving faster!
You feel mighty!
The ice beast hits you but does no damage.
You closely miss the ice beast. The ice beast hits you.
* * * LOW HITPOINT WARNING * * *
The ice beast freezes you!
* * * LOW HITPOINT WARNING * * *
You sock the ice beast!
The ice beast is moderately wounded.
The ice beast hits you.
* * * LOW HITPOINT WARNING * * *
The ice beast freezes you!
* * * LOW HITPOINT WARNING * * *
You closely miss the ice beast.
The ice beast is moderately wounded.
The ice beast hits you but does no damage.
You closely miss the ice beast.
Your tail-slap misses the ice beast.
The ice beast is moderately wounded.
You barely miss the ice beast.
The ice beast is moderately wounded.
The ice beast closely misses you.
You hit the ice beast.
The ice beast is heavily wounded.
The ice beast hits you.
* * * LOW HITPOINT WARNING * * *
The ice beast freezes you!
You die...

####.# #....# #.##.#
#.##.##### #.#......#
#### #.#......#######
.....
#.#............###w.....
#..............'@YSh....
#.....###......###r.....
'.....# ######## .....
##....# ...# ####### ..#
.# # #####


You could see an ice beast, a ribbon worm, a jackal, a ball python and a rat.

Vanquished Creatures
  A hound (D:3)
  An orc priest (D:2)
  4 gnolls (D:2)
  2 adders (D:2)
  6 dart slugs
  A ribbon worm (D:2)
  6 orcs
  3 bats
  4 endoplasms
  A giant cockroach (D:3)
  3 goblins
  6 hobgoblins
  7 ball pythons
  A frilled lizard (D:1)
  5 kobolds
  3 rats
54 creatures vanquished.

Notes
Turn   | Place    | Note
-------+----------+-------------------------------------------
     0 | D:1      | sleeves the Armataur Berserker began the quest for the Orb.
     0 | D:1      | Reached XP level 1. HP: 18/18 MP: 1/1
    91 | D:1      | HP: 8/18 [kobold/+0 dagger (2)]
    99 | D:1      | Reached skill level 3 in Maces & Flails
   238 | D:1      | Reached XP level 2. HP: 25/25 MP: 2/2
   338 | D:1      | Found a faded altar of an unknown god.
   977 | D:2      | Reached ** piety under Trog
   978 | D:2      | Reached XP level 3. HP: 30/30 MP: 3/3
  1079 | D:2      | Reached skill level 4 in Maces & Flails
  1081 | D:2      | HP: 15/30 [gnoll/+0 whip (7)]
  1116 | D:2      | Reached XP level 4. HP: 22/37 MP: 4/4
  1334 | D:2      | Reached skill level 5 in Maces & Flails
  1591 | D:2      | Reached XP level 5. HP: 34/42 MP: 5/5
  2051 | D:3      | Noticed an ice beast
  2064 | D:3      | HP: 31/63 [ice beast (4)]
  2065 | D:3      | HP: 13/63 [ice beast (7)]
  2069 | D:3      | Slain by an ice beast

Illustrated notes

Levels and vault maps discovered:
D:1:      amcnicky_arrival_choice, layout_basic, serial_rivers,
          chequers_serial_rivers_room_b, chequers_serial_rivers_micro_b,
          chequers_serial_rivers_room_b, chequers_serial_rivers_small_3,
          chequers_serial_rivers_micro_b, ebering_ecumenical_altar_hall,
          dk_noncrumbling_3
D:2:      layout_loops_corners, eino_tiny_chamber, minmay_misc_feat_alley
D:3:      kennysheep_goblin_castle, layout_basic, minmay_snake_closets

Skill      XL: |  1  2  3  4 |
---------------+-------------+-----
Maces & Flails | 3 4 5 |  5.6
Fighting       | |  2.6
Armour         | |  2.4
Dodging        | |  1.3

Action                     |  1- 3 |  4- 6 || total
---------------------------+-------+-------++-------
  Melee: Mace              |    78 |    93 ||   171
         Tailslap          |    16 |     7 ||    23
 Invoke: Berserk           |     1 |     1 ||     2
 Armour: Animal skin       |    20 |       ||    20
         Leather armour    |    16 |       ||    16
         Ring mail         |    13 |    70 ||    83
  Dodge: Dodged            |    18 |    36 ||    54

Table legend: (Time is in decaauts)
 A = Elapsed time spent in this place.
 B = Non-inter-level travel time spent in this place.
 C = Inter-level travel time spent in this place.
 D = Time resting spent in this place.
 E = Time spent auto-exploring this place.
 F = Levels seen in this place.
 G = Mean time per level.
                   A        B        C        D        E       F      G
               +--------+--------+--------+--------+--------+-----+--------+
         Total |   2109 |   2005 |    104 |    118 |   1484 |   3 |  703.0 |
       Dungeon |   2109 |   2005 |    104 |    118 |   1484 |   3 |  703.0 |
               +--------+--------+--------+--------+--------+-----+--------+

Top non-repeatable levels by time:
     D:2: 1157 daAuts
     D:1: 753 daAuts
     D:3: 199 daAuts
